 Dungeon Crawl Stone Soup version 0.25-a0-253-g6f1b5d974a (webtiles) character file.

Game seed: 1575229366388061959, levelgen mode: deterministic

93 Lanoc the Skirmisher (level 4, -2/35 HPs)
             Began as a Mummy Berserker on Dec 6, 2019.
             Was a Follower of Trog.
             Splashed by a jelly's acid (8 damage)
             ... on level 2 of the Dungeon.
             The game lasted 00:02:48 (2420 turns).

Lanoc the Skirmisher (Mummy Berserker)              Turns: 2420, Time: 00:02:49

Health: -2/35      AC: -5    Str: 20    XL:     4   Next: 37%
Magic:  4/4        EV: 13    Int:  6    God:    Trog [*.....]
Gold:   40         SH:  0    Dex: 15    Spells: 3/3 levels left

rFire    x . .     SeeInvis .   a - +0 falchion
rCold    + . .     Gourm    .   (no shield)
rNeg     + + +     Faith    .   b - +0 animal skin
rPois    ∞         Spirit   .   (no helmet)
rElec    .         Reflect  .   (no cloak)
rCorr    .         Harm     .   (no gloves)
MR       .....                  (no boots)
Stlth    +.........             (no amulet)
HPRegen  0.11/turn              c - +3 ring of dexterity (curse)
MPRegen  0.09/turn              (no ring)

@: corroded
A: no food or potions, fire vulnerability, cold resistance 1, negative energy
resistance 3, torment resistance, unbreathing
a: Renounce Religion


You were on level 2 of the Dungeon.
You worshipped Trog.
Trog was aware of your devotion.
You were not hungry.

You visited 1 branch of the dungeon, and saw 2 of its levels.

You collected 40 gold pieces.

Inventory:

Hand Weapons
 a - a +0 falchion (weapon)
Armour
 b - a +0 animal skin (worn)
Jewellery
 c - a cursed +3 ring of dexterity (left hand)
Scrolls
 d - 2 scrolls of identify {unknown}
 e - a scroll of fear {unknown}
 f - 2 scrolls of remove curse {unknown}
 g - a scroll of magic mapping {unknown}
 h - 2 scrolls of amnesia {unknown}
 i - a scroll of enchant armour {unknown}


   Skills:
 + Level 3.5 Fighting
 * Level 3.3 Long Blades
 + Level 2.1 Armour
 + Level 2.2 Dodging


You had 3 spell levels left.
You didn't know any spells.
Your spell library was empty.

Dungeon Overview and Level Annotations

Branches:
Dungeon (2/15)

Altars:
Ashenzari
Gozag
Xom

Annotations:
D:2 Sigmund


Innate Abilities, Weirdness & Mutations

You do not eat or drink.
Your flesh is vulnerable to fire.
You are immune to poison.
Your flesh is cold resistant. (rC+)
You are immune to negative energy. (rN+++)
You are immune to unholy pain and torment.
You can survive without breathing.


Message History

You hit the jelly. The acid corrodes you!
Your hands burn!
The jelly is moderately wounded.
The jelly hits you.
You are splashed with acid!
You hit the jelly but do no damage. The acid corrodes you!
Your hands burn!
The jelly is moderately wounded.
The jelly misses you.
You riposte.
You hit the jelly.
The jelly is heavily wounded.
You are too injured to fight recklessly!
You are too injured to fight recklessly!
You hit the jelly.
Your hands burn!
The jelly is severely wounded.
The jelly closely misses you.
You riposte.
You hit the jelly but do no damage.
The jelly is severely wounded.
You hit the jelly.
Your hands burn!
* * * LOW HITPOINT WARNING * * *
The jelly is severely wounded.
The jelly hits you.
* * * LOW HITPOINT WARNING * * *
You are splashed with acid!
You die...

#.#..........g................#
#.#...#.............########..#
#.#.#.#######.......# #..#
#.#.#..........)....# #).#
#.#.#.####..........# #..#
###.#.#.#.............# #..#
......#.#.###+##+##'### #..#
......#.#.###.##J##.# #..#
.)....#.#.#.#'##@##+# ######..#
#####.#<....#.......# #.......#
#.#####.#..._...## #.#####.#
#.......##.....### #.#####.#
#######..######## #.......#
#....##### #.####### #....# ###
#....# ######


You could see a jelly.

Vanquished Creatures
  A jelly (D:2)
  3 gnolls (D:1)
  An adder (D:2)
  A dart slug (D:1)
  3 bats (D:1)
  A giant cockroach (D:1)
  5 hobgoblins
  An iguana (D:2)
  2 frilled lizards
  3 goblins
  4 kobolds
  3 rats
28 creatures vanquished.

Notes
Turn   | Place    | Note
-------+----------+-------------------------------------------
     0 | D:1      | Lanoc the Mummy Berserker began the quest for the Orb.
     0 | D:1      | Reached XP level 1. HP: 18/18 MP: 1/1
    88 | D:1      | Reached XP level 2. HP: 10/24 MP: 2/2
   763 | D:2      | Found an opulent altar of Gozag.
   800 | D:2      | Reached XP level 3. HP: 11/29 MP: 3/3
  1256 | D:2      | Found a shimmering altar of Xom.
  1288 | D:2      | Noticed Sigmund
  1956 | D:2      | Found a shattered altar of Ashenzari.
  2125 | D:2      | Reached XP level 4. HP: 4/35 MP: 4/4
  2420 | D:2      | Splashed by a jelly's acid

Levels and vault maps discovered:
D:1:      dpeg_arrival_simpleton_c, layout_rooms, minmay_tripent
D:2:      layout_basic, ashenzari_conservatory_becter,
          overflow_temple_1_default, dk_xom_monty_hall, uniq_sigmund,
          uniq_natasha

Skill      XL: |  1  2  3 |
---------------+----------+-----
Long Blades    | 3 |  3.3
Dodging        | 2 |  2.2
Armour         | 2 |  2.1
Fighting       | |  3.5

Action                   |  1- 3 |  4- 6 || total
-------------------------+-------+-------++-------
Melee: Falchion          |    86 |     8 ||    94
 Stab: Sleeping          |     1 |       ||     1
Armor: Animal skin       |     9 |       ||     9
Dodge: Dodged            |    66 |     7 ||    73
       Rpst.: Falchion   |    24 |     3 ||    27

Table legend:
 A = Non-vault XP
 B = Vault XP
 C = Vault XP percentage of total XP
 D = Non-vault monster count
 E = Vault monster count
 F = Vault count percentage of total count
                 A         B        C        D         E       F
            +---------+---------+-------+---------+---------+-------
      Total |      89 |      45 |  33.6 |      24 |       4 |  14.3
            +---------+---------+-------+---------+---------+-------
        D:1 |      66 |       3 |   4.3 |      16 |       2 |  11.1
        D:2 |      23 |      42 |  64.6 |       8 |       2 |  20.0
            +---------+---------+-------+---------+---------+-------
